Unix NetHack Version 5.0.0-0 post-release - last build May 10 2026 23:12:36 (d1fa5d53e341ca933230fdaa984d921c805b60aa,branch:main).

Game began 2026-05-15 04:52:02, ended 2026-05-15 05:48:34.

Ackbladder, neutral female gnomish Wizard

                           ----          -----------
                          --`>--------   |.........|
                          |..........|   |.........|
                          |..-----`-.|   |.........|
                          |..|...|``.|   |....<....|
                          |.........-|   |.........|
                          |.......|..|   |..=..e.i.|
                          |.----..--.|   |.......e@|
                          |........|.--  |.........|
                          |.---.-.....------------%|
                          |...|...-..^............`|
                          |.........----------------
                          -----..|..|
                              -------

Ackbladder the Thaumaturge  St:15 Dx:16 Co:15 In:19 Wi:12 Ch:11  Neutral
Dlvl:4  $:80 HP:0(50) Pw:31(62) AC:2  Xp:7 T:11756  Satiated Burdened

Latest messages:
 There is a broken door here.
 There are several objects here.
 The quasit hits!
 The quasit misses!
 The quasit misses!
 You miss the quasit.
 The quasit hits!
 The quasit misses!
 The quasit just misses!
 You hit the quasit.
 The quasit hits!
 The quasit misses!
 The quasit bites!
 You hit the quasit!
 The quasit hits!
 The quasit misses!
 The quasit bites!
 The quasit misses!
 The quasit misses!
 The quasit bites!
 The quasit hits!
 The quasit hits again!
 The quasit bites!
 You miss the quasit.
 The quasit hits!
 The quasit hits again!
 The quasit bites!
 The quasit misses!
 The quasit hits!
 The quasit's sting was poisoned!
 The poison doesn't seem to affect you.
 The quasit bites!
 You miss the quasit.
 The quasit misses!
 The quasit hits!
 The quasit bites!
 The quasit hits!
 The quasit hits again!
 The quasit bites!
 You miss the quasit.
 The quasit hits!
 The quasit hits again!
 The quasit misses!
 The quasit hits!
 The quasit hits again!
 The quasit bites!
 The quasit hits!
 You die...
 Do you want your possessions identified? [ynq] (y) y
 Do you want to see your attributes? [ynq] (y) q

Inventory:
 Coins    ('$')
  $ - 80 gold pieces
 Amulets  ('"')
  L - an uncursed amulet of unchanging (being worn)
 Weapons  (')')
  U - a rustproof +0 dagger
  W - a +0 elven dagger
  w - the rustproof +0 Magicbane (weapon in right hand)
  a - a blessed +1 quarterstaff
 Armor    ('[')
  g - an uncursed +0 orcish helm
  D - an uncursed +0 pair of low boots (being worn)
  b - a blessed +4 cloak of magic resistance (being worn)
  X - an uncursed +0 dwarvish cloak
  s - an uncursed +0 leather armor (being worn)
 Comestibles  ('%')
  l - an uncursed food ration
  j - an uncursed fortune cookie
  G - an uncursed tripe ration
  f - 2 uncursed tins of spinach
 Scrolls  ('?')
  C - 3 uncursed scrolls of blank paper
  T - an uncursed scroll of create monster
  q - an uncursed scroll of destroy armor
  H - an uncursed scroll of earth
  M - a cursed scroll of earth
  Q - an uncursed scroll of enchant armor
  E - an uncursed scroll of enchant weapon
  I - an uncursed scroll of food detection
  x - a blessed scroll of gold detection
  k - an uncursed scroll of gold detection
  z - 3 uncursed scrolls of identify
  P - a blessed scroll of light
  J - an uncursed scroll of light
  O - 3 uncursed scrolls of magic mapping
  S - an uncursed scroll of remove curse
 Spellbooks  ('+')
  R - an uncursed novel named Feet of Clay
  v - an uncursed spellbook of clairvoyance
  Z - an uncursed spellbook of healing
 Potions  ('!')
  K - 2 uncursed potions of gain energy
  h - 4 uncursed potions of healing
  r - 2 cursed potions of healing
  V - an uncursed potion of paralysis
  m - an uncursed potion of water
 Rings    ('=')
  e - an uncursed ring of conflict
  d - an uncursed ring of regeneration
 Wands    ('/')
  N - a wand of create monster (0:15)
  u - a wand of digging (0:3)
  p - a wand of enlightenment (0:11)
  F - a wand of magic missile (0:8)
  c - a wand of teleportation (0:7)
 Tools    ('(')
  o - an uncursed blindfold
  n - a magic marker (0:19)
 Gems/Stones  ('*')
  A - an uncursed luckstone

Ackbladder the Wizard's attributes:

Background:
 You were a Thaumaturge, a level 7 female gnomish Wizard.
 You were neutral, on a mission for Thoth
 who was opposed by Ptah (lawful) and Anhur (chaotic).
 You were right-handed.
 You were in Sokoban, on level 4.
 You entered the dungeon 11756 turns ago.
 It was nighttime.
 You had 1076 experience points, 204 more were needed to attain level 8.

Basics:
 You had 0 out of 50 hit points.
 You had 31 out of 62 energy points (spell power).
 Your armor class was 2.
 Your wallet contained 80 zorkmids.
 Autopickup was off.

Final Characteristics:
 Your strength was 15 (limit:18/50).
 Your dexterity was 16 (limit:18).
 Your constitution was 15 (limit:18).
 Your intelligence was 19 (limit:19).
 Your wisdom was 12 (limit:18).
 Your charisma was 11 (limit:18).

Final Status:
 You were satiated.
 You were burdened; movement was slightly slowed.
 You were wielding a dagger.
 You had basic skill with dagger.

Final Attributes:
 You were piously aligned.
 You were magic-protected.
 You were poison resistant.
 You were level-drain resistant.
 You were telepathic.
 You had infravision.
 You were warded.
 You couldn't change from your current form.
 You would have changed shape periodically if not locked into your current form.
 You were a wererat.
 You were harmed by silver.
 You were lucky.
 You had extra luck.
 Bad luck did not time out for you.
 Good luck did not time out for you.
 You are dead.

Miscellaneous:
 You didn't encounter any bones levels.
 Total elapsed playing time was 56 minutes and 31 seconds.

Major events:
 Turn
    1: Ackbladder the neutral female gnomish Wizard entered the dungeon
 1141: attained the rank of Conjurer (level 3)
 1209: entered the Gnomish Mines
 6016: attained the rank of Thaumaturge (level 6)
 9042: was bestowed with Magicbane by Thoth
10439: entered Sokoban
10799: completed 1st Sokoban level
11687: completed 2nd Sokoban level
11756: killed by a quasit

Spells:
 Name                 Level Category     Fail Retention
 force bolt             1   attack         0%   41%-50%
 haste self             3   escape        71%   26%-50%
 healing                1   healing        0%  76%-100%

Skills:
 Fighting Skills
   bare handed combat [Unskilled]
   riding             [Unskilled]
 Weapon Skills
   dagger             [Basic]
   knife              [Unskilled]
   axe                [Unskilled]
   short sword        [Unskilled]
   club               [Unskilled]
   mace               [Unskilled]
   quarterstaff       [Skilled]
   polearms           [Unskilled]
   spear              [Unskilled]
   trident            [Unskilled]
   sling              [Unskilled]
   dart               [Unskilled]
   shuriken           [Unskilled]
 Spellcasting Skills
   attack spells      [Basic]
   healing spells     [Unskilled]
   divination spells  [Unskilled]
   enchantment spells [Basic]
   clerical spells    [Unskilled]
   escape spells      [Unskilled]
   matter spells      [Unskilled]

Voluntary challenges:
 Character rerolling was not enabled.
 You never genocided any monsters.
 You never polymorphed an object.
 You never changed form.
 You used no wishes.
 You did not violate any of the special Sokoban rules.
Achievements:
 You entered a shop.
 You attained the rank of Conjurer.
 You entered the Gnomish Mines.
 You attained the rank of Thaumaturge.
 You entered Sokoban.

 The Dungeons of Doom: levels 1 to 6
    Level 1:
       An altar to Thoth, a fountain.
    Level 2:
       A scroll shop, a fountain.
    Level 3:
       A grave.
       Stairs down to The Gnomish Mines.
    Level 4:
    Level 5:
       Many fountains.
    Level 6:
       A general store, many fountains.
       Stairs up to Sokoban, level 5.
 The Gnomish Mines: levels 4 to 5
    Level 4:
    Level 5:
 Sokoban: levels 5 up to 4
    Level 4: <- You were here.
       Solved.
       Final resting place for
          you, killed by a quasit.
    Level 5:
       Solved.


Vanquished creatures:
  a lizard
 an ape
 an imp
  a pony
  2 fog clouds
  a shrieker
  a violet fungus
  a straw golem
  a paper golem
  a giant ant
  2 little dogs
  6 floating eyes
  2 kittens
  a dwarf
  2 homunculi
  3 kobold leaders
  2 rabid rats
  2 giant bats
  4 orc zombies
  6 dwarf zombies
  6 wererats
  a werejackal
  8 iguanas
  6 killer bees
  2 acid blobs
  a coyote
  2 gas spores
  3 hobbits
 17 manes
  5 large kobolds
  3 hobgoblins
 25 giant rats
 10 cave spiders
  3 yellow molds
  a green mold
  a red mold
  a gnome
  a garter snake
  6 gnome zombies
  5 geckos
 16 jackals
  2 foxes
  6 kobolds
  4 goblins
  5 sewer rats
 18 grid bugs
  a bat
 18 lichens
  2 kobold zombies
 14 newts
234 creatures vanquished.

No species were genocided or became extinct.

Game over:
                       ----------
                      /          \
                     /    REST    \
                    /      IN      \
                   /     PEACE      \
                  /                  \
                  |    Ackbladder    |
                  |      80 Au       |
                  |   killed by a    |
                  |      quasit      |
                  |                  |
                  |                  |
                  |       2026       |
                 *|     *  *  *      | *
        _________)/\\_//(\/(/\)/\//\/|_)_______

Goodbye Ackbladder the Wizard...

You died in Sokoban on dungeon level 4 with 4646 points,
and 80 pieces of gold, after 11756 moves.
You were level 7 with a maximum of 50 hit points when you died.

